 Dungeon Crawl Stone Soup version 0.30-a0-986-g7f2e898f52 (webtiles) character file.

Game seed: 13017173196488890835

2849 Zonian the Grappler (level 9, -8/51 HPs)
             Began as a Vine Stalker Gladiator on Apr 2, 2023.
             Was an Initiate of Ashenzari.
             Mangled by a wyvern (14 damage)
             ... on level 8 of the Dungeon.
             The game lasted 00:16:20 (7634 turns).

Zonian the Grappler (Vine Stalker Gladiator)        Turns: 7634, Time: 00:16:20

Health: -8/51      AC:  8    Str: 21    XL:     9   Next: 74%
Magic:  0/10       EV: 11    Int:  8    God:    Ashenzari [......]
Gold:   305        SH:  0    Dex: 16    Spells: 8/8 levels left

rFire   . . .      SeeInvis .      - Unarmed
rCold   . . .      Faith    .    (no shield)
rNeg    . . .      Spirit   +    w - +0 scale mail
rPois   .          Reflect  .    o - +1 helmet "Sidereal Henotheism" {Range, Melee} (curse)
rElec   .          Rampage  .    (no cloak)
rCorr   .                        (no gloves)
Will    +....                    (no boots) Stlth
                                 (no amulet)
HPRegen 1.08/turn                (no ring)
MPRegen 0.12/turn                (no ring)

@: silenced
A: fangs 3, regeneration 1, magic shield, antimagic bite, no potion heal 2
a: Renounce Religion, Curse Item, Shatter the Chains


You were on level 8 of the Dungeon.
You worshipped Ashenzari.
Ashenzari was noncommittal.
You visited 2 branches of the dungeon, and saw 9 of its levels.

You collected 330 gold pieces.
You spent 25 gold pieces at shops.

Inventory:

Hand Weapons
 y - a +4 war axe of freezing
Missiles
 d - a javelin (quivered)
 p - 9 boomerangs
Armour
 a - a +0 leather armour
 b - a +0 helmet
 o - the cursed +1 helmet "Sidereal Henotheism" (worn) {Range, Melee}
   (You took it off Robin on level 2 of the Dungeon)

   It has a curse which improves the following skills: Ranged Combat: Ranged
   Weapons and Throwing.
   Melee Combat: Short Blades, Long Blades, Axes, Maces & Flails, Polearms,
   Staves and Unarmed Combat.
 u - a +0 ring mail
 w - a +0 scale mail (worn)
Jewellery
 e - a ring of fire
 m - a +6 ring of intelligence
 z - a +6 ring of strength
Wands
 i - a wand of roots (19)
 l - a wand of digging (5)
 A - a wand of charming (4)
Scrolls
 s - 2 scrolls of magic mapping
Potions
 c - 2 potions of mutation {unknown}
 f - 2 potions of curing
 g - a potion of cancellation
 h - 2 potions of ambrosia
 j - a potion of heal wounds
 k - a potion of berserk rage {unknown}
 n - a potion of haste {unknown}
 q - a potion of resistance {unknown}
 r - a potion of degeneration {unknown}
 t - a potion of attraction {unknown}
 v - a potion of brilliance {unknown}


   Skills:
 + Level 8.3 Fighting
 - Level 3.1(3.5) Throwing
 - Level 3.4 Dodging
 + Level 9.3(9.7) Unarmed Combat


You had 8 spell levels left.
You didn't know any spells.
Your spell library contained the following spells:

 Spells                   Type           Power      Damage    Failure   Level
 Apportation              Tloc           0%         N/A       77%         1
 Magic Dart               Conj           0%         1d3       77%         1
 Sting                    Tmut/Pois      0%         1d3       77%         1
 Poisonous Vapours        Pois/Air       0%         N/A       88%         2
 Searing Ray              Conj           0%         2d4       88%         2
 Sublimation of Blood     Necr           0%         N/A       88%         2
 Portal Projectile        Hex/Tloc       0%         N/A       98%         3
 Tukima's Dance           Hex            0%         N/A       98%         3
 Cause Fear               Hex            0%         N/A       100%        4
 Fulminant Prism          Conj/Hex       0%         3d5       100%        4
 Olgreb's Toxic Radiance  Pois           0%         N/A       100%        4
 Petrify                  Tmut/Erth      0%         N/A       100%        4
 Alistair's Intoxication  Tmut/Pois      0%         N/A       100%        5
 Blade Hands              Tmut           0%         N/A       100%        5
 Irradiate                Conj/Tmut      0%         3d11      100%        5
 Dragon Form              Tmut           0%         N/A       100%        7
 Dragon's Call            Summ           0%         N/A       100%        9


Dungeon Overview and Level Annotations

Branches:
Dungeon (8/15)             Temple (1/1) D:5
   Lair: D:8-11

Altars:
Ashenzari
Cheibriados
Dithmenos
Elyvilon
Fedhas
Gozag
Hepliaklqana
Makhleb
Nemelex Xobeh
Okawaru
Ru
Sif Muna
Trog
Uskayaw
Vehumet
Wu Jian
Xom
Yredelemnul
Zin
The Shining One
Lugonu

Shops:
D:4 *

Annotations:
D:3 2 transporters, Nabski's ghost, amateur TeFE
D:7 2 transporters, 1 runed translucent door, Crazy Yiuf; Mickster's ghost, novice HOBe
D:8 1 transporter


Innate Abilities, Weirdness & Mutations

You have razor-sharp teeth.
Your natural rate of healing is unusually fast.
When hurt, damage is shared between your health and your magic reserves.
Your bite disrupts and absorbs the magic of your enemies.
Potions cannot restore your health.


Message History

The wyvern is lightly wounded.
The killer bee stings you.
The killer bee stings you but does no damage.
The wyvern bites you but does no damage.
Unknown command.
You punch the wyvern! You bite the wyvern, but do no damage.
The wyvern is severely wounded.
The killer bee barely misses you. The killer bee stings you!
The wyvern bites you!
* * * LOW HITPOINT WARNING * * *
The killer bee barely misses you. x2
You closely miss the wyvern. You bite the wyvern. You drain its power.
You feel invigorated.
The wyvern is severely wounded.
The killer bee stings you.
* * * LOW HITPOINT WARNING * * *
You are poisoned.
The killer bee poisons you!
The killer bee stings you but does no damage.
The wyvern barely misses you. The killer bee barely misses you.
The wyvern bites you!
* * * LOW HITPOINT WARNING * * *
The killer bee stings you.
* * * LOW HITPOINT WARNING * * *
You are lethally poisoned!
The killer bee poisons you!
Your system rejects the healing.
You feel better.
The killer bee stings you but does no damage. x2
The wyvern bites you but does no damage.
The killer bee closely misses you.
The killer bee stings you but does no damage.
Aiming: Fastroot
Press: ? - help, Shift-Dir - straight line, f - killer bee
Aim: a killer bee (silenced)
The roots erupt in riotous growth!
Roots grab the killer bee. x4
The grasping roots constrict the killer bee. x4
The killer bee stings you but does no damage.
The killer bee barely misses you. The wyvern bites you!
You die...

......... ...... .. ......yy.
......# #.# ....y..... ......
##.## ..........# #.... #...###
...........# ##..#.. ###.....#
..$.........###...#..###.......#
††............#yy# #..........#
#..#....#.#.#.yyy# #.)........###
...#..........##@####.........#.#
##.F....#.#.#..l..........>...."#
# ............##...#.##.#........
. ......#.#.#.##......#.........#
##..........####.##.<........##
...###....#...##..)......# ...
##...##..##.........##
#....#..###..##......# .
#....#............>.##


You could see a wyvern and 5 killer bees.

Vanquished Creatures
  A shadow (D:7)
  A wyvern (D:8)
  A steam dragon (D:6)
  Edmund (D:4)
  2 water moccasins
  Duvessa (D:7)
  2 ice beasts (D:6)
  A black bear (D:5)
  2 centaurs
  Blork the orc (D:5)
  A kobold brigand (D:4)
  2 bullfrogs
  2 scorpions
  5 wights
  Dowan (D:7)
  2 killer bees (D:8)
  3 hounds
  A jelly (D:5)
  2 orc priests
  A sleepcap (D:4)
  A gnoll bouda (D:7)
  4 iguanas
  5 orc wizards
  Robin (D:2)
  5 gnolls (D:7)
  9 adders
  2 shadow imps (D:7)
  A white imp (D:6)
  2 worms
  2 dart slugs
  18 orcs
  3 bats
  4 endoplasms
  4 giant cockroaches
  12 goblins
  12 hobgoblins
  2 jackals (D:4)
  A quokka (D:2)
  11 ball pythons
  4 frilled lizards
  13 kobolds
  6 rats
155 creatures vanquished.

Vanquished Creatures (collateral kills)
  A bullfrog (D:8)
1 creature vanquished.

Vanquished Creatures (others)
  A fungus (D:7)
  8 plants
9 creatures vanquished.

Grand Total: 165 creatures vanquished

Notes
Turn   | Place    | Note
-------+----------+-------------------------------------------
     0 | D:1      | Zonian the Vine Stalker Gladiator began the quest for the
                  | Orb.
     0 | D:1      | Reached XP level 1. HP: 11/11 MP: 2/2
    64 | D:1      | Found a faded altar of an unknown god.
   127 | D:1      | Reached XP level 2. HP: 15/15 MP: 3/3
   612 | D:2      | Reached XP level 3. HP: 10/18 MP: 1/4
   862 | D:2      | Noticed Robin
   885 | D:2      | Killed Robin
  1293 | D:2      | Gained mutation: Your natural rate of healing is unusually
                  | fast. [Vine Stalker growth]
  1293 | D:2      | Reached XP level 4. HP: 22/23 MP: 5/5
  1747 | D:3      | Found a transporter.
  1747 | D:3      | Found a transporter.
  1859 | D:3      | Reached XP level 5. HP: 24/28 MP: 6/6
  2167 | D:3      | Noticed Nabski's ghost (amateur TeFE)
  2237 | D:4      | Found a sacrificial altar of Ru.
  2245 | D:4      | Noticed Edmund
  2250 | D:4      | Noticed a kobold brigand
  2255 | D:4      | Killed a kobold brigand
  2256 | D:4      | Reached skill level 4 in Unarmed Combat
  2270 | D:4      | Reached XP level 6. HP: 32/32 MP: 7/7
  2304 | D:4      | Found Kedialy's Assorted Antiques.
  2316 | D:4      | Bought a scroll labelled DUAGRO UMEUN for 25 gold pieces
  2741 | D:4      | Killed Edmund
  2742 | D:4      | Reached XP level 7. HP: 10/34 MP: 4/8
  3122 | D:5      | Entered Level 5 of the Dungeon
  3181 | D:5      | Reached skill level 5 in Unarmed Combat
  3231 | D:5      | Found a staircase to the Ecumenical Temple.
  3238 | Temple   | Entered the Ecumenical Temple
  3441 | Temple   | Became a worshipper of Ashenzari the Shackled
  3792 | D:5      | Noticed Blork the orc
  3805 | D:5      | Killed Blork the orc
  4119 | D:6      | Reached skill level 5 in Fighting
  4208 | D:6      | Reached skill level 6 in Unarmed Combat
  4208 | D:6      | Gained mutation: You have razor-sharp teeth. [Vine Stalker
                  | growth]
  4208 | D:6      | Reached XP level 8. HP: 20/43 MP: 9/9
  5094 | D:6      | Reached skill level 7 in Unarmed Combat
  6166 | D:7      | Found a transporter.
  6195 | D:7      | Found a transporter.
  6234 | D:7      | Noticed an ancient zyme
  6255 | D:7      | Reached XP level 9. HP: 31/49 MP: 6/10
  6325 | D:7      | Reached skill level 8 in Unarmed Combat
  6339 | D:7      | Noticed Mickster's ghost (novice HOBe)
  6820 | D:7      | Noticed Duvessa
  6820 | D:7      | Noticed Dowan
  6840 | D:7      | Killed Duvessa
  6851 | D:7      | Killed Dowan
  7016 | D:7      | Found a runed translucent door.
  7017 | D:7      | Noticed Crazy Yiuf
  7140 | D:8      | Reached skill level 9 in Unarmed Combat
  7151 | D:8      | Noticed a two-headed ogre
  7405 | D:8      | Noticed a cyan ugly thing
  7406 | D:8      | Found a transporter.
  7406 | D:8      | Noticed a cyan ugly thing
  7408 | D:8      | Found a corrupted altar of Lugonu.
  7408 | D:8      | Noticed a white ugly thing
  7634 | D:8      | Mangled by a wyvern

Illustrated notes

Levels and vault maps discovered:
D:1:      heliophobic_arrival_ceremonial_halls, layout_rooms,
          basic_ecumenical_altar, kennysheep_nondescript
D:2:      layout_loops_ring, uniq_robin
D:3:      layout_rooms, gammafunk_ghost_gnarly_gnolls, glass_columns_a
D:4:      layout_rooms, lemuel_tele_altar, serial_curves, eino_curves_03,
          eino_curves_02, serial_shops, shop, lexackson_kobold_supper,
          uniq_edmund
D:5:      layout_loops_ring, temple_fountains, uniq_blork_the_orc
D:6:      layout_loops_ring, amcnicky_mini_pool_small
D:7:      layout_gridville, gammafunk_ghost_abyssal_escape,
          uniq_crazy_yiuf_cottage, uniq_duvessa
D:8:      gammafunk_corrupted_shrine, layout_cave_pools,
          mainiacjoe_overflow_alcove_4, serial_glass, glass_columns_b,
          glass_columns_b
Temple:   nicolae_temple_bog_church

Skill      XL: |  1  2  3  4  5  6  7  8  9 |
---------------+----------------------------+-----
Fighting       | 2 3 5 6 8 |  8.3
Throwing       | 2 3 |  3.1
Dodging        | 3 |  3.4
Unarmed Combat | 4 6 7 9 |  9.3

Action                     |  1- 3 |  4- 6 |  7- 9 || total
---------------------------+-------+-------+-------++-------
  Melee: Unarmed           |   111 |   140 |   315 ||   566
         Bite              |    23 |    41 |   101 ||   165
         Punch             |     3 |     2 |    15 ||    20
  Throw: Throwing net      |     1 |       |     6 ||     7
 Invoke: Curse Item        |       |       |     1 ||     1
  Evoke: Wand              |     2 |     5 |     7 ||    14
    Use: Scroll            |       |    13 |     6 ||    19
         Potion            |       |     1 |     3 ||     4
   Stab: Sleeping          |     1 |     1 |       ||     2
 Armour: Leather armour    |    18 |     7 |       ||    25
         Ring mail         |       |    36 |    39 ||    75
         Scale mail        |       |       |    75 ||    75
  Dodge: Dodged            |    54 |    97 |   196 ||   347

Table legend: (Time is in decaauts)
 A = Elapsed time spent in this place.
 B = Non-inter-level travel time spent in this place.
 C = Inter-level travel time spent in this place.
 D = Time resting spent in this place.
 E = Time spent auto-exploring this place.
 F = Levels seen in this place.
 G = Mean time per level.
                   A        B        C        D        E       F      G
               +--------+--------+--------+--------+--------+-----+--------+
         Total |   7584 |   7321 |    263 |   1833 |   3719 |   9 |  842.7 |
       Dungeon |   7348 |   7109 |    239 |   1833 |   3555 |   8 |  918.5 |
        Temple |    236 |    213 |     23 |      0 |    164 |   1 |  236.0 |
               +--------+--------+--------+--------+--------+-----+--------+

Top non-repeatable levels by time:
     D:7: 1728 daAuts
     D:6: 1233 daAuts
     D:4: 892 daAuts
     D:5: 882 daAuts
     D:1: 823 daAuts
     D:2: 790 daAuts
     D:3: 598 daAuts
     D:8: 399 daAuts
  Temple: 236 daAuts
